cohdb
Replays
Latest Replays
All Replays
Popular Replays
Top Player Replays
Match Explorer
How It Works
Community
CoH3 Stats
Reddit
Sign in to upload your games and track your stats! →
Sign in with Steam
Match 42516852
Unlisted
Match 42516852
Overview
Messages
Build Orders
End
Construct Section Command Post
Selects Indian Artillery Battlegroup
Selects War Cry
Selects Gurkha Rifles Section
Selects Artillery Saturation
Selects Off-map Airburst Barrage
Selects Perimeter Monitor
Construct Platoon Command Post
Construct Company Command Post
Infantry Training
CMP 15cwt Truck
Foot Guards Section
Foot Guards Section
Off-map Airburst Barrage
Unlock Towed 17-pounder Anti-tank Guns
Forward Retreat Point
Foot Guards Section
Off-map Airburst Barrage
Perimeter Monitor
Foot Guards Section
Off-map Airburst Barrage
Foot Guards Section
War Cry
Off-map Airburst Barrage
Foot Guards Section
Tesenculo
tonyke
Joker
Malin
.
prime
kocaman08
Yngvi
0
0
Comments
sign in to comment!
No comments posted yet!